 Dungeon Crawl Stone Soup version bcrawl-1.38.1 (webtiles) character file.

Game seed: 13287961179609763373

165150 Alturiack the Shooter (level 3, 21/21 HPs)
             Began as a Gargoyle Hunter on Apr 9, 2023.
             Got out of the dungeon alive.
             The game lasted 00:02:25 (663 turns).

Alturiack the Shooter (Gargoyle Hunter)              Turns: 663, Time: 00:02:25

Health: 21/21      AC:  6    Str: 15    XL:     3   Next: 68%
Magic:  3/3        EV: 11    Int: 11    God:
Gold:   38         SH:  0    Dex: 11    Spells: 2/2 levels left

rFire    . . .     GDR:     33% a - +2 shortbow
rCold    . . .     SeeInvis .   (shield currently unavailable)
rNeg     + . .     Gourm    .   c - +0 leather armour
rPois    ∞         Faith    .   (no helmet)
rElec    +         Spirit   .   (no cloak)
rCorr    .         Reflect  .   (no gloves)
MR       .....                  (no boots)
Stlth    +.........             (no amulet)
HPRegen  0.13/turn              (no ring)
MPRegen  0.08/turn              (no ring)

@: no status effects
A: negative energy resistance 1, electricity resistance, partial torment
resistance, unbreathing, petrification resistance, rot immunity, AC +3
a: no special abilities


You escaped.
You were hungry.

You visited 1 branch of the dungeon, and saw 1 of its levels.

You collected 38 gold pieces.

Inventory:

Hand Weapons
 a - a +2 shortbow (weapon)
 b - a +0 short sword
Missiles
 d - 182 arrows (quivered)
Armour
 c - a +0 leather armour (worn)
Scrolls
 f - a scroll of noise {unknown}
 i - 3 scrolls of identify
Comestibles
 e - a ration {!d}


   Skills:
 - Level 2.3 Fighting
 + Level 5.2 Bows
 + Level 1.6 Dodging
 - Level 1.2 Stealth


You had 2 spell levels left.
You didn't know any spells.
Your spell library was empty.

Dungeon Overview and Level Annotations

Branches:
Dungeon (1/12)

Altars:


Innate Abilities, Weirdness & Mutations

You are resistant to torment.
Your stone body is resilient. (AC +3)
You are immune to poison.
You resist negative energy. (rN+)
You are resistant to electric shocks. (rElec)
You are less affected by unholy pain and torment.
You can survive without breathing.
You are immune to petrification.
You are immune to rotting.


Message History

You now have 38 gold pieces (gained 15).
You open the door. You open the door.
A kobold comes into view. It is wielding a +0 club.
Firing (i - inventory)
d - 184 arrows (quivered)
Press: ? - help, Shift-Dir - straight line, f - kobold
Aim: a kobold, wielding a +0 club and quivering a stone (resting)
You shoot an arrow. The arrow hits the kobold.
The kobold shouts!
The kobold is heavily wounded.
The kobold throws a stone.
The stone hits you but does no damage.
Firing (i - inventory)
d - 183 arrows (quivered)
Press: ? - help, Shift-Dir - straight line, f/p - kobold
Aim: a kobold, wielding a +0 club (heavily wounded)
You shoot an arrow. The arrow hits the kobold!
You kill the kobold!
You don't know any spells.
There is a staircase leading out of the dungeon here.
Are you sure you want to leave the Dungeon?
This will make you lose the game!
You have escaped!

#.# #.............#..... #.####
#...................
##.##.########...................
...........).....................
....#...........##+####..........
....#.##......####.#####.........
#.......).....#..#.##............
#.#...........'.....#............
#.#.#.#.#######.@##.#...........#
#.#.#.#.# ###.'..##.............#
..#.#.#.###...######............#
#.#.#.#.##...## ###............#
#.......##..## #..............#
#.......#...## #.##...........#
........#)...# #.##...........#
#####.#.#....#####.##...........#
# #.#.#†...##....###...........


There were no monsters in sight!

Vanquished Creatures
  3 oozes (D:1)
  A worm (D:1)
  A dart slug (D:1)
  4 leopard geckos (D:1)
  A bat (D:1)
  A giant cockroach (D:1)
  2 goblins (D:1)
  2 hobgoblins (D:1)
  A quokka (D:1)
  3 kobolds (D:1)
  7 rats (D:1)
26 creatures vanquished.

Notes
Turn   | Place    | Note
-------+----------+-------------------------------------------
     0 | D:1      | Alturiack the Gargoyle Hunter began the quest for the Orb.
     0 | D:1      | Reached XP level 1. HP: 12/12 MP: 1/1
    84 | D:1      | Reached XP level 2. HP: 17/17 MP: 2/2
   243 | D:1      | Reached XP level 3. HP: 21/21 MP: 3/3
   256 | D:1      | Reached skill level 5 in Bows
   663 | D:$      | Got out of the dungeon alive.

Skill      XL: |  1  2  3 |
---------------+----------+-----
Bows           | 5 |  5.2
Fighting       | |  2.3
Dodging        | |  1.6
Stealth        | |  1.2

Action                   || total
-------------------------++-------
 Fire: Shortbow          ||    58
Armor: Leather armour    ||     2
Dodge: Dodged            ||     5
